 Dungeon Crawl Stone Soup version 0.27-a0-1193-g8631133539 (webtiles) character file.

Game seed: 807479225609905469

63 Kold the Sneak (level 3, -2/29 HPs)
             Began as a Demonspawn Delver on May 25, 2021.
             Was an Initiate of Okawaru.
             Slain by a river rat (4 damage)
             ... in a sewer.
             The game lasted 00:02:25 (1154 turns).

Kold the Sneak (Demonspawn Delver)                  Turns: 1154, Time: 00:02:25

Health: -2/29      AC:  3    Str: 13    XL:     3   Next: 87%
Magic:  3/3        EV: 12    Int: 11    God:    Okawaru [......]
Gold:   7          SH:  0    Dex: 14    Spells: 2/2 levels left

rFire    . . .     SeeInvis .   a - +0 mace
rCold    . . .     Faith    .   (no shield)
rNeg     . . .     Spirit   .   b - +0 leather armour
rPois    .         Reflect  .   (no helmet)
rElec    .         Harm     .   (no cloak)
rCorr    .         Rampage  .   (no gloves)
Will     .....                  (no boots)
Stlth    +++.......             (no amulet)
HPRegen  0.09/turn              (no ring)
MPRegen  0.08/turn              (no ring)

@: mighty
A: claws 2
a: Renounce Religion


You were in a sewer.
You worshipped Okawaru.
Okawaru was noncommittal.
You visited 1 branch of the dungeon, and saw 2 of its levels.
You also visited: Sewer.

You collected 7 gold pieces.

Inventory:

Hand Weapons
 a - a +0 mace (weapon)
Armour
 b - a +0 leather armour (worn)
Magical Staves
 h - a staff of air
Wands
 g - a wand of digging (3)
Scrolls
 c - a scroll of fog
 j - a scroll of holy word {unknown}


   Skills:
 + Level 3.4 Fighting
 * Level 2.5 Maces & Flails
 + Level 2.4 Dodging
 + Level 4.9 Stealth


You had 2 spell levels left.
You didn't know any spells.
Your spell library contained the following spells:

 Spells                   Type           Power      Damage    Failure   Level
 Animate Skeleton         Necr           0%         N/A       41%         1
 Apportation              Tloc           0%         N/A       41%         1
 Corona                   Hex            0%         N/A       41%         1
 Summon Small Mammal      Summ           0%         N/A       41%         1


Dungeon Overview and Level Annotations

Branches:
Dungeon (5/15)              Sewer (1/1)
 Temple: D:4-7

Altars:
Okawaru

Annotations:
D:4 2 runed translucent doors, Terminal's ghost, amateur OpTm


Innate Abilities, Weirdness & Mutations

You have very sharp fingernails.


Message History

You start resting.
HP restored.
You start waiting.
Done waiting.
A river rat is nearby!
You enter the shallow water.
Moving in this stuff is going to be slow.
You closely miss the river rat. The river rat closely misses you.
You hit the river rat but do no damage. The river rat bites you.
You hit the river rat.
The river rat is heavily wounded.
The river rat bites you. x2
You closely miss the river rat.
The river rat is heavily wounded.
The river rat barely misses you.
You barely miss the river rat.
The river rat is heavily wounded.
The river rat barely misses you.
You closely miss the river rat.
The river rat is heavily wounded.
The river rat bites you.
You hit the river rat but do no damage.
The river rat is heavily wounded.
The river rat bites you.
* * * LOW HITPOINT WARNING * * *
The river rat misses you.
You hit the river rat but do no damage.
The river rat is heavily wounded.
The river rat bites you.
* * * LOW HITPOINT WARNING * * *
You closely miss the river rat.
The river rat is heavily wounded.
The river rat bites you but does no damage.
It was a potion of might.
You feel very mighty all of a sudden. The river rat closely misses you.
You hit the river rat but do no damage.
The river rat is heavily wounded.
The river rat bites you.
You die...

.≈. #≈# #≈# #≈# #≈#
##≈## # ##.≈.## ..#
#####≈....####..≈.≈
≈≈≈≈≈≈≈.∩≈@r≈≈≈≈...≈
.#####≈..∩.####≈.≈.≈
##≈≈.## ..# ##≈## #
#≈# #≈# #≈# S≈. .≈


You could see a river rat.

Vanquished Creatures
  A centaur skeleton (D:5)
  2 adders
  A worm (D:4)
  An orc (D:4)
  A giant cockroach (D:4)
  2 goblins (D:4)
  A quokka (D:4)
  2 ball pythons (Sewer)
  A rat (D:4)
12 creatures vanquished.

Notes
Turn   | Place    | Note
-------+----------+-------------------------------------------
     0 | D:5      | Kold the Demonspawn Delver began the quest for the Orb.
     0 | D:5      | Reached XP level 1. HP: 18/18 MP: 1/1
    11 | D:5      | Found an iron altar of Okawaru.
    29 | D:5      | Gained mutation: You have sharp fingernails. [demonic
                  | ancestry]
    29 | D:5      | Reached XP level 2. HP: 5/24 MP: 2/2
    29 | D:5      | Gained mutation: You have very sharp fingernails. [demonic
                  | ancestry]
    29 | D:5      | Reached XP level 3. HP: 6/29 MP: 3/3
    40 | D:5      | Became a worshipper of Warmaster Okawaru
   406 | D:4      | Found a large runed translucent door.
   407 | D:4      | Found a large runed translucent door.
   595 | D:4      | Noticed Terminal's ghost (amateur OpTm)
   682 | D:4      | Found a glowing drain.
   686 | Sewer    | Entered a sewer
  1151 | Sewer    | HP: 1/29 [river rat (6)]
  1154 | Sewer    | Slain by a river rat

Illustrated notes

Levels and vault maps discovered:
D:4:      minmay_door_path, layout_loops_cross, kennysheep_little_box,
          ebering_ghost_disaster_area, serial_rivers,
          chequers_serial_rivers_micro_d, chequers_serial_rivers_small_3,
          chequers_serial_rivers_large_b, chequers_serial_rivers_micro_a,
          chequers_serial_rivers_micro_c, chequers_serial_rivers_small_b,
          gup_sewer_entry_bowl, minivault_27, minmay_misc_feat_doors
D:5:      layout_rooms, okawaru_trees_1, minmay_temple_entry_mini_moons,
          chequers_arboretum
Sewer:    sewer_co_15_rooms

Skill      XL: |  1 |
---------------+----+-----
Maces & Flails | 2 |  2.5
Dodging        | 2 |  2.4
Fighting       | |  3.4
Stealth        | |  4.9

Action                   || total
-------------------------++-------
Melee: Mace              ||    73
  Use: Potion            ||     3
       Scroll            ||     2
 Stab: Sleeping          ||     2
       Fleeing           ||     1
Armor: Leather armour    ||    26
Dodge: Dodged            ||    55

Table legend: (Time is in decaauts)
 A = Elapsed time spent in this place.
 B = Non-inter-level travel time spent in this place.
 C = Inter-level travel time spent in this place.
 D = Time resting spent in this place.
 E = Time spent auto-exploring this place.
 F = Levels seen in this place.
 G = Mean time per level.
                   A        B        C        D        E       F      G
               +--------+--------+--------+--------+--------+-----+--------+
         Total |   1149 |   1106 |     43 |    821 |     54 |   3 |  383.0 |
       Dungeon |    694 |    651 |     43 |    416 |     51 |   2 |  347.0 |
         Sewer |    455 |    455 |      0 |    405 |      3 |   1 |  455.0 |
               +--------+--------+--------+--------+--------+-----+--------+

Top non-repeatable levels by time:
   Sewer: 455 daAuts
     D:4: 408 daAuts
     D:5: 286 daAuts
